 Dungeon Crawl Stone Soup version 0.18.1-8-gdd0e5ea (webtiles) character file.

13283 Scarto the Fighter (level 11, -1/89 HPs)
             Began as a Demonspawn Fighter on May 31, 2016.
             Was an Elder of Qazlal.
             Slain by a nine-headed hydra (6 damage)
             ... on level 12 of the Dungeon on June 1, 2016.
             The game lasted 00:26:17 (11055 turns).

Scarto the Fighter (Demonspawn Fighter)            Turns: 11055, Time: 00:26:18

Health: -1/89      AC: 18    Str: 20 (21) XL:     11   Next: 73%
Magic:  17/17      EV:  4    Int:  8 (9)  God:    Qazlal [****..]
Gold:   753        SH: 18    Dex: 13      Spells: 0 memorised, 10 levels left

rFire  + + .     SeeInvis .     a - +0 war axe
rCold  + . .     Gourm    .     p - +0 plate armour
rNeg   . . .     Faith    .     i - +2 shield
rPois  .         Spirit   .     (helmet restricted)
rElec  .         Dismiss  .     (no cloak)
rCorr  .         Reflect  .     e - +0 pair of gloves
SustAt .         Harm     .     (no boots)
MR     .....                    (no amulet)
Stlth  ..........               A - +3 ring of strength
                                h - ring of protection from fire

@: repel missiles, not resistant to hostile enchantments, extremely unstealthy
A: horns 2, icy blue scales 2, cold resistance 1, demonic guardian 1,
deterioration 1, fire resistance 1, weak 1, flame cloud immunity
a: Upheaval, Elemental Force, Renounce Religion


You were on level 12 of the Dungeon.
You worshipped Qazlal.
Qazlal was greatly pleased with you.
You were full.

You visited 1 branch of the dungeon, and saw 12 of its levels.

You collected 808 gold pieces.
You spent 55 gold pieces at shops.

Inventory:

Hand Weapons
 a - a +0 war axe (weapon)
Missiles
 u - 6 tomahawks
 F - 5 poisoned tomahawks (quivered)
Armour
 e - a +0 pair of gloves (worn)
 i - a +2 shield (worn)
 p - a +0 plate armour (worn)
Jewellery
 h - a ring of protection from fire (left hand)
 l - an uncursed ring of protection from fire
 t - an uncursed ring of resist corrosion
 A - a +3 ring of strength (right hand)
Wands
 r - a wand of iceblast (7/15)
 v - a wand of slowing (17/48)
Scrolls
 b - a scroll of magic mapping {unknown}
 c - a scroll of amnesia
 d - 4 scrolls of remove curse
 f - 4 scrolls of recharging
 g - a scroll of immolation {unknown}
 m - 2 scrolls of teleportation
 w - 4 scrolls of identify
 y - a scroll of enchant armour {unknown}
 G - 2 scrolls of fog
Potions
 j - 2 potions of haste
 k - 2 potions of flight
 n - 2 potions of curing
 q - a potion of magic
 s - a potion of agility
 z - a potion of brilliance
Books
 B - a book of Summonings

   Spells                             Type                      Level
   a - Recall                         Summoning/Translocation      3
   b - Aura of Abjuration             Summoning                    5
   c - Summon Demon                   Summoning                    5
   d - Summon Forest                  Summoning/Translocation      5
   e - Summon Mana Viper              Hexes/Summoning              5
   f - Shadow Creatures               Summoning                    6
Comestibles
 o - 12 chunks of flesh
 I - 5 slices of pizza
 J - 3 bread rations


   Skills:
 + Level 9.6 Fighting
 + Level 8.5 Axes
 + Level 8.6 Armour
 + Level 8.6 Shields
 + Level 8.8 Invocations


You had 10 spell levels left.
You didn't know any spells.

Dungeon Overview and Level Annotations

Branches:
Dungeon (12/15)            Temple (0/1) D:5            Lair (0/8) D:8
    Orc: D:9-12

Altars:
Ashenzari
Cheibriados
Fedhas
Gozag
Makhleb
Nemelex Xobeh
Okawaru
Qazlal
Trog
Vehumet
Zin

Shops:
D:7 }??[[   D:11 =


Innate Abilities, Weirdness & Mutations

You have a pair of horns on your head.
You are mostly covered in icy blue scales (AC +3, EV -1).
A weak demonic guardian rushes to your aid.
Your flesh is heat resistant.
You are immune to clouds of flame.
Your flesh is cold resistant.
Your body sometimes deteriorates upon taking damage.
You are weak. (Str -2)


Message History

The troll claws you.
* * * LOW HITPOINT WARNING * * *
The troll claws you but does no damage.
You block the eight-headed hydra's attack. x2
The eight-headed hydra bites you.
* * * LOW HITPOINT WARNING * * *
The eight-headed hydra bites you but does no damage. x3
The eight-headed hydra bites you!
* * * LOW HITPOINT WARNING * * *
The eight-headed hydra bites you but does no damage.
Your ufetubus barely misses the troll.
Your ufetubus closely misses the troll.
You lop one of the eight-headed hydra's heads off!
The seven-headed hydra grows two more!
You slash the nine-headed hydra!
The nine-headed hydra is lightly wounded.
You hit the troll.
The troll is lightly wounded.
Your ufetubus barely misses the troll.
Your ufetubus hits the troll. You block the troll's attack.
The troll closely misses you. You block the troll's attack.
The nine-headed hydra bites you.
You die...

#.)....####......
#.###......#
###....
#........§.# ....
######.##### ###
#...# ##.### #..#
###§#######
#.§.@D....#
#...5T....'.
#..§%§....#.
#.........#
#.........#
#.........#
#.........#
#.........#


You could see a nine-headed hydra, a troll and a friendly ufetubus.

Vanquished Creatures
  The ghost of Gagarin the Cruncher, a novice MiGl of Qazlal (D:8)
  A deep elf mage (D:12)
  2 ugly things
  A manticore (D:11)
  The ghost of Scarto the Skirmisher, a novice DsFi (D:5)
  A kobold demonologist (D:11)
  3 trolls
  A two-headed ogre (D:12)
  3 wyverns
  6 yaks (D:11)
  A wraith (D:11)
  3 hippogriffs
  3 hungry ghosts
  2 wargs (D:8)
  7 orc warriors
  A water moccasin (D:9)
  4 ice beasts
  4 sky beasts
  A black bear (D:9)
  2 wasps
  5 ogres
  The ghost of Scarto the Skirmisher, an amateur DsFi (D:3)
  7 centaurs
  4 big kobolds
  5 giant frogs
  2 scorpions
  A wyvern skeleton (D:8)
  2 jellies
  6 killer bees
  3 howler monkeys (D:9)
  4 wights (D:10)
  7 crimson imps
  A quasit (D:9)
  A centaur zombie (D:9)
  2 giant frog skeletons
  8 orc priests
  A giant frog zombie (D:9)
  4 hounds
  17 orc wizards
  A gnoll shaman (D:8)
  3 centaur skeletons
  6 worker ants
  2 worker ant zombies
  8 gnolls
  13 adders
  A shadow imp (D:11)
  2 oozes
  An adder zombie (D:5)
  2 adder skeletons
  5 worms
  2 dart slugs
  6 giant geckos
  64 orcs
  9 giant cockroaches
  8 goblins
  12 hobgoblins
  7 jackals
  14 kobolds
  6 quokkas
  A ball python (D:4)
  14 bats
  2 giant newts
  A jackal skeleton (D:5)
  A jackal zombie (D:5)
  A quokka zombie (D:5)
  11 rats
332 creatures vanquished.

Vanquished Creatures (collateral kills)
  A wizard (D:11)
  A centaur skeleton (D:12)
  A spriggan (D:8)
  A wyvern (D:11)
  A warg (D:8)
  A black bear (D:8)
  A centaur (D:11)
  A giant frog (D:11)
  A killer bee (D:11)
  3 orc wizards
  2 orcs
  2 kobolds (D:11)
16 creatures vanquished.

Grand Total: 348 creatures vanquished

Notes
Turn   | Place    | Note
--------------------------------------------------------------
     0 | D:1      | Scarto the Demonspawn Fighter began the quest for the Orb.
     0 | D:1      | Reached XP level 1. HP: 18/18 MP: 1/1
    86 | D:1      | Gained mutation: You are partially covered in icy blue scales (AC +1). [demonic ancestry]
    86 | D:1      | Reached XP level 2. HP: 10/24 MP: 2/2
   244 | D:1      | Found a sparkling altar of Nemelex Xobeh.
   621 | D:1      | Reached XP level 3. HP: 29/29 MP: 3/3
   980 | D:2      | Gained mutation: You have a pair of small horns on your head. [demonic ancestry]
   980 | D:2      | Reached XP level 4. HP: 26/35 MP: 4/4
  1312 | D:3      | Found a stormy altar of Qazlal.
  1320 | D:3      | Became a worshipper of Qazlal Stormbringer
  2004 | D:3      | Noticed Scarto's ghost (amateur DsFi)
  2015 | D:3      | Killed Scarto's ghost
  2015 | D:3      | Reached XP level 5. HP: 24/42 MP: 5/5
  2110 | D:3      | Reached skill level 4 in Fighting
  2337 | D:4      | Found a bloodstained altar of Trog.
  2464 | D:4      | Reached * piety under Qazlal
  2527 | D:4      | Gained mutation: Your flesh is heat resistant. [demonic ancestry]
  2527 | D:4      | Reached XP level 6. HP: 40/48 MP: 6/6
  2876 | D:5      | Entered Level 5 of the Dungeon
  2904 | D:5      | Found a staircase to the Ecumenical Temple.
  3115 | D:5      | Noticed an ice beast
  3120 | D:5      | Killed an ice beast
  3127 | D:5      | Found a shattered altar of Ashenzari.
  3233 | D:5      | Noticed Scarto's ghost (novice DsFi)
  3255 | D:5      | Killed Scarto's ghost
  3255 | D:5      | Reached skill level 5 in Fighting
  3255 | D:5      | Gained mutation: A weak demonic guardian rushes to your aid. [demonic ancestry]
  3255 | D:5      | Reached XP level 7. HP: 39/56 MP: 7/7
  3544 | D:5      | Found a burning altar of Makhleb.
  3545 | D:5      | Found a glowing silver altar of Zin.
  3545 | D:5      | Noticed an angel
  3546 | D:5      | Noticed a cacodemon
  3939 | D:6      | Reached skill level 5 in Shields
  4181 | D:6      | Reached XP level 8. HP: 63/63 MP: 8/8
  4196 | D:6      | Reached skill level 5 in Armour
  4594 | D:6      | Reached ** piety under Qazlal
  4594 | D:6      | Reached skill level 6 in Fighting
  5166 | D:7      | Reached skill level 5 in Axes
  5169 | D:7      | Found Nyffejipn's Armour Shoppe.
  5206 | D:7      | Found Jabi's Antique Armour Shop.
  5227 | D:7      | Found Recah's Magic Scroll Boutique.
  5232 | D:7      | Bought a scroll of remove curse for 33 gold pieces
  5232 | D:7      | Bought a scroll of identify for 22 gold pieces
  5366 | D:7      | Found an opulent altar of Gozag.
  5431 | D:7      | Found Toqutzucu's Magic Scroll Boutique.
  5454 | D:7      | Found Cigeel's Gadget Shop.
  5697 | D:8      | Found a staircase to the Lair.
  5768 | D:8      | Gained mutation: You are mostly covered in icy blue scales (AC +3, EV -1). [demonic ancestry]
  5768 | D:8      | Reached XP level 9. HP: 30/71 MP: 3/9
  6126 | D:8      | Reached skill level 1 in Invocations
  6205 | D:8      | Found a radiant altar of Vehumet.
  6264 | D:8      | Reached skill level 7 in Fighting
  6764 | D:8      | Noticed Gagarin's ghost (novice MiGl)
  6776 | D:8      | Killed Gagarin's ghost
  7004 | D:8      | Noticed a troll
  7066 | D:8      | Killed a troll
  7510 | D:9      | Gained mutation: You are immune to clouds of flame. [demonic ancestry]
  7510 | D:9      | Reached XP level 10. HP: 48/80 MP: 13/13
  7764 | D:9      | Reached skill level 5 in Invocations
  7824 | D:9      | Found a blossoming altar of Fedhas.
  7960 | D:9      | Found a snail-covered altar of Cheibriados.
  8005 | D:9      | Reached *** piety under Qazlal
  8005 | D:9      | Reached skill level 8 in Fighting
  8065 | D:9      | Found an iron altar of Okawaru.
  8254 | D:10     | Entered Level 10 of the Dungeon
  8625 | D:10     | Reached **** piety under Qazlal
  9091 | D:11     | Found Cyptu's Jewellery Shop.
  9132 | D:11     | Noticed a purple ugly thing
  9143 | D:11     | Killed a purple ugly thing
  9143 | D:11     | Gained mutation: You have a pair of horns on your head. [demonic ancestry]
  9143 | D:11     | Reached XP level 11. HP: 62/87 MP: 16/16
  9666 | D:11     | Reached skill level 9 in Fighting
  9820 | D:11     | Reached ***** piety under Qazlal
 10336 | D:11     | Noticed a wizard
 10345 | D:11     | Killed a wizard
 10434 | D:12     | Noticed a white ugly thing
 10460 | D:12     | Killed a white ugly thing
 10841 | D:12     | Noticed a deep elf mage
 10847 | D:12     | Killed a deep elf mage
 11014 | D:12     | Gained mutation: You are clumsy. (Dex -2) [mutagenic meat]
 11015 | D:12     | Lost mutation: You are clumsy. (Dex -2) [mutagenic meat]
 11016 | D:12     | Gained mutation: You are weak. (Str -2) [mutagenic meat]
 11017 | D:12     | Gained mutation: Your body sometimes deteriorates upon taking damage. [mutagenic meat]
 11019 | D:12     | Gained mutation: Your flesh is cold resistant. [mutagenic meat]
 11049 | D:12     | Noticed an eight-headed hydra
 11054 | D:12     | HP: 4/89 [eight-headed hydra (11)]
 11055 | D:12     | Slain by a nine-headed hydra

Skill      XL: |  1  2  3  4  5  6  7  8  9 10 11 |
---------------+----------------------------------+-----
Axes           | 2 3 4 5 6 7 8 |  8.5
Shields        | 3 4 5 6 7 8 |  8.6
Armour         | 3 4 6 7 8 |  8.6
Fighting       | 4 5 6 7 8 9 |  9.6
Invocations    | 4 7 8 |  8.8

Action                   |  1- 3 |  4- 6 |  7- 9 | 10-12 || total
-------------------------+-------+-------+-------+-------++-------
Melee: War axe           |   154 |   205 |   316 |   518 ||  1193
       Headbutt          |       |    38 |    72 |   124 ||   234
Throw: Tomahawk          |       |       |       |     1 ||     1
Invok: Upheaval          |       |       |     5 |     6 ||    11
  Use: Scroll            |     3 |     4 |    10 |     2 ||    19
       Potion            |       |     2 |     1 |     4 ||     7
 Stab: Distracted        |       |       |     1 |     4 ||     5
  Eat: Bread ration      |     1 |       |     2 |       ||     3
       Beef jerky        |       |     2 |       |     1 ||     3
       Royal jelly       |       |     1 |       |       ||     1
       Meat ration       |       |       |     2 |     1 ||     3
       Fruit             |       |       |     2 |     3 ||     5
       Chunk             |       |       |       |    10 ||    10
       Pizza             |       |       |       |     3 ||     3
Armor: Scale mail        |    91 |    65 |       |       ||   156
       Plate armour      |       |    27 |   227 |   277 ||   531
Dodge: Dodged            |    51 |    50 |    45 |    51 ||   197
       Deflected         |       |       |       |     6 ||     6
Block: Shield            |   103 |   140 |   292 |   537 ||  1072
